 Dungeon Crawl Stone Soup version 0.20-a0-1127-g1289703 (webtiles) character file.

655 Agonnis the Magician (level 7, -1/38 HPs)
             Began as a Kobold Fire Elementalist on May 18, 2017.
             Was an Initiate of Sif Muna.
             Slain by zhorgal's ghost (11 damage)
             ... on level 6 of the Dungeon.
             The game lasted 00:39:07 (7333 turns).

Agonnis the Magician (Kobold Fire Elementalist)     Turns: 7333, Time: 00:39:08

Health: -1/38      AC:  6    Str:  5    XL:     7   Next: 85%
Magic:  18/24      EV: 16    Int: 18    God:    Sif Muna [......]
Gold:   76         SH:  0    Dex: 16    Spells: 12/17 levels left

rFire    . . .     SeeInvis .   n - +2 dagger (elec)
rCold    . . .     Gourm    .   (shield restricted)
rNeg     . . .     Faith    .   a - +0 robe
rPois    .         Spirit   .   h - +0 helmet
rElec    .         Reflect  .   (no cloak)
rCorr    .         Harm     .   (no gloves)
MR       .....                  j - +2 pair of boots
Stlth    +++.......             (no amulet)
Regen    0.2/turn               o - ring of magical power
MPRegen  0.2/turn               x - ring of stealth

@: no status effects
A: carnivore 3
a: Renounce Religion


You were on level 6 of the Dungeon.
You worshipped Sif Muna.
Sif Muna was noncommittal.
You were not hungry.

You visited 2 branches of the dungeon, and saw 7 of its levels.

You collected 170 gold pieces.
You spent 94 gold pieces at shops.

Inventory:

Hand Weapons
 k - a +0 hunting sling
 n - a +2 dagger of electrocution (weapon)
Missiles
 g - 155 stones (quivered)
Armour
 a - a +0 robe (worn)
 h - a +0 helmet (worn)
 j - a +2 pair of boots (worn)
Jewellery
 l - a cursed amulet of the gourmand
 o - a ring of magical power (left hand)
 x - a ring of stealth (right hand)
Wands
 e - a wand of paralysis (9/24)
 q - a wand of iceblast (4/15)
Scrolls
 f - a scroll of amnesia
 p - 3 scrolls of remove curse
 s - a scroll of enchant armour
Potions
 d - 2 potions of haste
 i - a potion of curing
 m - a potion of brilliance
 r - 2 potions of agility
 u - a potion of flight
 w - a potion of magic {unknown}
Books
 b - a book of Flames

   Spells                             Type                      Level
   a - Flame Tongue                   Conjuration/Fire             1
   b - Throw Flame                    Conjuration/Fire             2
   c - Conjure Flame                  Conjuration/Fire             3
   d - Inner Flame                    Hexes/Fire                   3
   e - Sticky Flame                   Conjuration/Fire             4
   f - Fireball                       Conjuration/Fire             5
Comestibles
 c - 4 meat rations
 t - 2 royal jellies


   Skills:
 - Level 1.0 Fighting
 - Level 4.0 Short Blades
 - Level 3.2 Dodging
 - Level 3.1 Stealth
 * Level 5.7 Spellcasting
 + Level 1.2 Conjurations
 + Level 5.0 Fire Magic


You had 12 spell levels left.
You knew the following spells:

 Your Spells              Type           Power        Failure   Level  Hunger
b - Conjure Flame         Conj/Fire      ###.....     10%         3    ##.....
c - Throw Flame           Conj/Fire      ###...       4%          2    None


Dungeon Overview and Level Annotations

Branches:
Dungeon (6/15)             Temple (1/1) D:5

Altars:
Ashenzari
Cheibriados
Dithmenos
Elyvilon
Fedhas
Gozag
Hepliaklqana
Kikubaaqudgha
Makhleb
Nemelex Xobeh
Okawaru
Ru
Sif Muna
Trog
Uskayaw
Vehumet
Wu Jian
Xom
Yredelemnul
Zin
The Shining One

Shops:
D:4 *

Annotations:
D:4 Grinder
D:6 zhorgal's ghost, novice HOFi


Innate Abilities, Weirdness & Mutations

You are small and have problems with some larger weapons.
You are carnivorous and can eat meat at any time.


Message History

Zhorgal's ghost is engulfed in blazing flames.
Zhorgal's ghost barely misses you.
Casting: Throw Flame
Confirm with . or Enter, or press ? or * to list all spells.
Aiming: Throw Flame
Press: ? - help, Shift-Dir - straight line, f/p - zhorgal's ghost
Aim: zhorgal's ghost (flame, moderately damaged)
The puff of flame hits zhorgal's ghost.
Zhorgal's ghost is moderately damaged.
Zhorgal's ghost is engulfed in blazing flames.
Zhorgal's ghost hits you!!
Ouch! That really hurt!
* * * LOW HITPOINT WARNING * * *
Zhorgal's ghost is engulfed in blazing flames.
Zhorgal's ghost screams, "Don't try to defend!
You have no chance!"
Zhorgal's ghost ripples.
Zhorgal's ghost mumbles, "They all look like pillowcases to me..."
There is a stone staircase leading up here.
Zhorgal's ghost hits you!
You die...

#.p# #..# #.#
#..#######.#
###.[......#.#
....######.#.#
####.......#.#
..##.#######.#
#.##.#.......#####
#.##...........W@#
#.####.###########
#......# #.######
###


You could see zhorgal's ghost.

Vanquished Creatures
  Duvessa (D:4)
  A slave (D:6)
  An ice beast (D:5)
  Dowan (D:4)
  A hound (D:5)
  An orc wizard (D:5)
  A centaur skeleton (D:5)
  A bullfrog skeleton (D:5)
  Natasha (D:4)
  5 worker ants
  7 adders
  A worm (D:4)
  A dart slug (D:1)
  4 leopard geckos
  2 orcs
  A ball python (D:1)
  2 giant cockroaches (D:2)
  8 goblins
  7 hobgoblins
  15 jackals
  13 kobolds
  3 quokkas
  4 bats
  5 frilled lizards
  4 rats
91 creatures vanquished.

Notes
Turn   | Place    | Note
-------+----------+-------------------------------------------
     0 | D:1      | Agonnis the Kobold Fire Elementalist began the quest for the Orb.
     0 | D:1      | Reached XP level 1. HP: 10/10 MP: 3/3
   290 | D:1      | Reached XP level 2. HP: 14/15 MP: 5/5
   768 | D:1      | Reached XP level 3. HP: 20/20 MP: 6/6
  1545 | D:1      | Reached skill level 1 in Fighting
  1561 | D:1      | Learned a level 3 spell: Conjure Flame
  1745 | D:2      | Reached XP level 4. HP: 25/25 MP: 6/8
  2872 | D:3      | Reached skill level 1 in Short Blades
  3063 | D:3      | Reached XP level 5. HP: 29/29 MP: 6/10
  3751 | D:4      | Noticed Natasha
  3758 | D:4      | Killed Natasha
  3872 | D:4      | Noticed Duvessa
  3971 | D:4      | Found a shadowy altar of Dithmenos.
  3979 | D:4      | Reached XP level 6. HP: 34/34 MP: 10/12
  4009 | D:4      | Found Teraor's Assorted Antiques.
  4012 | D:4      | Bought an amethyst potion for 18 gold pieces
  4012 | D:4      | Bought a scroll of identify for 40 gold pieces
  4012 | D:4      | Bought an amethyst potion for 18 gold pieces
  4012 | D:4      | Bought a fuming sapphire potion for 18 gold pieces
  4070 | D:4      | Learned a level 2 spell: Throw Flame
  4163 | D:4      | Noticed Dowan
  4276 | D:4      | Killed Duvessa
  4286 | D:4      | Killed Dowan
  4408 | D:4      | Noticed Grinder
  4419 | D:4      | Reached XP level 7. HP: 38/38 MP: 12/14
  4733 | D:5      | Entered Level 5 of the Dungeon
  4757 | D:5      | Reached skill level 5 in Spellcasting
  6183 | D:5      | Reached skill level 5 in Fire Magic
  6262 | D:5      | Found a staircase to the Ecumenical Temple.
  6275 | Temple   | Entered the Ecumenical Temple
  6608 | Temple   | Became a worshipper of Sif Muna the Loreminder
  7305 | D:6      | Noticed zhorgal's ghost (novice HOFi)
  7333 | D:6      | Slain by zhorgal's ghost

Vault maps used:
D:1:      onia_arrival_mini_maze
D:2:      amethyst_killhole
D:3:      first_bread, kennysheep_generic_room_3
D:4:      serial_shops, shop, grunt_dithmenos_smoke_and_mirrors, uniq_natasha,
          uniq_duvessa, uniq_grinder
D:5:      temple_green
D:6:      nicolae_ru_the_path_less_chosen, uniq_pikel
Temple:   nicolae_temple_the_god_donut

Skill      XL: |  1  2  3  4  5  6  7 |
---------------+----------------------+-----
Stealth        | 3 |  3.1
Fighting       | 1 |  1.0
Spellcasting   | 3 4 5 |  5.7
Dodging        | 3 |  3.2
Short Blades   | 1 2 4 |  4.0
Fire Magic     | 4 5 |  5.0
Conjurations   | |  1.2

Action                   |  1- 3 |  4- 6 |  7- 9 || total
-------------------------+-------+-------+-------++-------
Melee: Dagger            |    35 |    46 |     9 ||    90
       Unarmed           |     5 |       |       ||     5
 Fire: Hunting sling     |       |     6 |       ||     6
 Cast: Flame Tongue      |    38 |    55 |     1 ||    94
       Conjure Flame     |       |     7 |     2 ||     9
       Throw Flame       |       |    13 |    67 ||    80
Evoke: Wand              |       |       |     1 ||     1
  Use: Scroll            |     1 |    14 |     5 ||    20
       Potion            |       |     2 |     2 ||     4
 Stab: Sleeping          |     9 |     5 |       ||    14
       Distracted        |     1 |       |       ||     1
  Eat: Chunk             |    11 |     9 |     3 ||    23
Armor: Robe              |     5 |    10 |     6 ||    21
Dodge: Dodged            |    40 |    55 |    31 ||   126
